 Dungeon Crawl Stone Soup version 0.31-a0-640-g39d97e502b (webtiles) character file.

Game seed: 3479310059723369429

828 qw the Skirmisher (level 7, -4/44 HPs)
             Began as a Gargoyle Hunter on Aug 27, 2023.
             Slain by an iguana (7 damage)
             ... on level 4 of the Dungeon.
             The game lasted 00:01:26 (3258 turns).

qw the Skirmisher (Gargoyle Hunter)                 Turns: 3258, Time: 00:01:26

Health: -4/44      AC: 11    Str: 14    XL:     7   Next: 97%
Magic:  7/7        EV: 12    Int: 10    God:
Gold:   44         SH:  0    Dex: 15    Spells: 6/6 levels left

rFire   . . .        Y - +1 shortbow
rCold   . . .        (shield currently unavailable)
rNeg    + . .        g - +3 leather armour {rPois}
rPois   inf          (no helmet)
rElec   +            (no cloak)
rCorr   .            (no gloves)
SInv    .            (no boots)
Will    .....        d - amulet of faith
Stlth   ++           (no ring)
HPRegen 0.27/turn    (no ring)
MPRegen 0.10/turn

%: faith
@: no status effects
A: sickness immunity, AC +4, negative energy resistance 1, electricity
resistance, torment resistance 1, petrification resistance
a: no special abilities


You were on level 4 of the Dungeon.
You visited 1 branch of the dungeon, and saw 4 of its levels.

You collected 171 gold pieces.
You spent 127 gold pieces at shops.


Innate Abilities, Weirdness & Mutations

You are immune to sickness and miasma.
Your stone body is resilient. (AC +4)
You are immune to poison.
You resist negative energy. (rN+)
You are resistant to electric shocks. (rElec)
You are resistant to unholy torment.
You are immune to petrification.


   Skills:
 + Level 4.6 Fighting
 - Level 8.2 Ranged Weapons
 - Level 2.2 Armour
 - Level 2.2 Dodging
 - Level 1.1 Stealth


You had 6 spell levels left.
You didn't know any spells.
Your spell library was empty.

Inventory:

Hand Weapons
 Y - a +1 shortbow (weapon)
Armour
 g - a +3 leather armour of poison resistance (worn)
Jewellery
 d - an amulet of faith (around neck)
Scrolls
 a - 3 scrolls of identify
 i - a scroll of enchant armour {unknown}
Potions
 b - a potion of enlightenment {unknown}
 c - a potion of curing {unknown}
 e - a potion of mutation {unknown}
 f - a potion of haste {unknown}
 h - a potion of ambrosia {unknown}

Dungeon Overview and Level Annotations

Branches:
Dungeon (4/15)
 Temple: D:4-7

Altars:
Cheibriados
Hepliaklqana
Qazlal
Sif Muna

Shops:
D:1 [   D:4 :[**

Annotations:
D:2 1 runed translucent door, Crazy Yiuf
D:4 Eustachio


Message History

The iguana bites you but does no damage. x2
You shoot an arrow.
The arrow hits the iguana but does no damage.
The iguana is moderately wounded.
The iguana bites you. The iguana misses you.
You shoot an arrow. The arrow hits the iguana.
The iguana is severely wounded.
The iguana bites you but does no damage.
The iguana bites you!
You shoot an arrow.
The arrow hits the iguana but does no damage.
The iguana is severely wounded.
The iguana barely misses you.
The iguana bites you but does no damage.
You shoot an arrow. The arrow hits the iguana!
You kill the iguana!
The iguana misses you.
The jackal bites you but does no damage.
You shoot an arrow. The arrow hits the bullfrog!
The bullfrog is heavily wounded.
The bullfrog hits you but does no damage.
The jackal barely misses you. The bullfrog barely misses you.
The iguana bites you.
You shoot an arrow. The arrow closely misses the bullfrog.
The jackal closely misses you. The bullfrog barely misses you.
The iguana bites you! The bullfrog closely misses you.
The jackal bites you but does no damage.
You shoot an arrow. The arrow hits the bullfrog!
The bullfrog is almost dead.
The bullfrog hits you. The jackal closely misses you.
The iguana bites you but does no damage.
You shoot an arrow. The arrow closely misses the bullfrog.
The jackal closely misses you. The bullfrog hits you. The iguana bites you.
You shoot an arrow. The arrow misses the bullfrog.
The bullfrog hits you.
The jackal bites you but does no damage.
The bullfrog barely misses you.
The jackal bites you but does no damage.
The iguana bites you!
You die...

........###...#.. ## #.......
..........)...#.## . #h##.#.###
....#...###...#.##. .#.#..#......
..............#.. l#h. Ko#.####.
....#..####..##'###########.# #.
#......# #..#..l..#......#.# #.
#......# #..#.#.#.#.#..#.#.# #.
.......####..#.l#F.#..##..#.####.
......@......#.#@#.#^.##..#......
####.........#.h...%.#..#.#..###.
# #.######..#######.............
# #.# ##..#.###.########.###.. #
#.# #....................... #
#.# #...#.###............... #
#.#####...#.# #..#.#####.##...
####...........###..#.#####.##...
....######.....##...........##...


You could see a bullfrog, a howler monkey, an iguana and a jackal.

Vanquished Creatures
  A black bear (D:4)
  Blork the orc (D:4)
  2 phantoms (D:4)
  2 scorpions (D:4)
  A howler monkey (D:4)
  3 hounds (D:4)
  Jessica (D:2)
  Ijyb (D:4)
  Natasha (thrice) (D:3)
  An iguana (D:4)
  3 gnolls (D:2)
  2 adders
  2 ufetubi (D:4)
  A worm (D:4)
  A dart slug (D:4)
  6 orcs (D:3)
  8 ball pythons
  3 endoplasms
  4 giant cockroaches
  13 goblins
  7 hobgoblins
  A quokka (D:1)
  7 bats
  2 frilled lizards
  4 kobolds
  5 rats
85 creatures vanquished.

Notes
Turn   | Place    | Note
-------+----------+-------------------------------------------
     0 | D:1      | qw the Gargoyle Hunter began the quest for the Orb.
     0 | D:1      | Reached XP level 1. HP: 12/12 MP: 1/1
     0 | D:1      | 0 ||| qw: Version: 0.3-a-74-g0d5e918
     0 | D:1      | 0 ||| qw: Game counter: 156
     0 | D:1      | 0 ||| qw: Melee chars always use a shield: true
     0 | D:1      | 0 ||| qw: God list: Okawaru
     0 | D:1      | 0 ||| qw: Allow faded altars: false
     0 | D:1      | 0 ||| qw: Do Orc after clearing Dungeon:15 true
     0 | D:1      | 0 ||| qw: Do second Lair branch before Depths: true
     0 | D:1      | 0 ||| qw: Lair rune preference: random
     0 | D:1      | 0 ||| qw: Goals: Normal
     0 | D:1      | 0 ||| PLANNING D:1-11
    74 | D:1      | Reached XP level 2. HP: 17/17 MP: 2/2
   255 | D:1      | Found a faded altar of an unknown god.
   401 | D:1      | Found Gapluck's Armour Shop.
   405 | D:1      | 405 ||| SHOPLISTING +1 pair of gloves of stealth (231 gold,
                  | have 34).
   405 | D:1      | 405 ||| SHOPLISTING +1 robe of Hospitality {+Inv Dex+3}
                  | (364 gold, have 34).
   405 | D:1      | 405 ||| SHOPLISTING +2 pair of boots "Noith" {rN+ SInv}
                  | (418 gold, have 34).
   532 | D:1      | 532 ||| UPGRADING to +0 ring mail.
   542 | D:1      | 542 ||| DROPPING +0 leather armour.
   543 | D:1      | 543 ||| UPGRADING to +3 leather armour of poison
                  | resistance.
   553 | D:1      | 553 ||| DROPPING +0 ring mail.
   554 | D:1      | 554 ||| READING 3 scrolls labelled PEWIOMAIPP.
   555 | D:1      | 555 ||| READING scroll labelled ATROOX SAROD.
   556 | D:1      | 556 ||| DRINKING 2 coppery potions.
   557 | D:1      | 557 ||| DRINKING 2 glowing cyan potions.
   600 | D:1      | 600 ||| DROPPING scroll of butterflies.
   601 | D:1      | 601 ||| DROPPING potion of lignification.
   630 | D:2      | Reached XP level 3. HP: 21/21 MP: 3/3
   684 | D:2      | Reached skill level 5 in Ranged Weapons
   728 | D:2      | 728 ||| Stepping ~*~*~tactically~*~*~ (outnumbered).
   738 | D:2      | HP: 5/22 [gnoll/+0 spear (5)]
   739 | D:2      | 739 ||| DRINKING potion of heal wounds.
   754 | D:2      | Reached skill level 3 in Fighting
   754 | D:2      | Reached XP level 4. HP: 28/28 MP: 4/4
   757 | D:2      | Noticed Jessica
   766 | D:2      | Killed Jessica
  1158 | D:2      | Found a runed translucent door.
  1159 | D:2      | Identified the +9 hammer "Womohir" {antimagic, Int+5}
  1159 | D:2      | Noticed Crazy Yiuf
  1615 | D:2      | 1615 ||| DROPPING +6 ring of intelligence.
  1616 | D:2      | 1616 ||| READING scroll labelled XETENKAPES.
  1710 | D:3      | Reached XP level 5. HP: 32/32 MP: 5/5
  1874 | D:3      | Noticed a water elemental
  1897 | D:3      | Noticed a fire elemental
  1898 | D:3      | Found a hazy altar of Hepliaklqana.
  1908 | D:3      | Noticed Natasha
  1913 | D:3      | Killed Natasha
  1914 | D:3      | Reached skill level 6 in Ranged Weapons
  1937 | D:3      | Noticed Natasha
  1963 | D:3      | Killed Natasha
  1984 | D:3      | Found a snail-covered altar of Cheibriados.
  2031 | D:3      | Noticed Natasha
  2039 | D:3      | Killed Natasha
  2191 | D:3      | Found a stormy altar of Qazlal.
  2192 | D:3      | Noticed an air elemental
  2352 | D:3      | 2352 ||| UPGRADING to amulet of faith.
  2357 | D:3      | 2357 ||| READING scroll labelled KAQIECOROI.
  2358 | D:3      | 2358 ||| READING scroll labelled DALOPU VAVVA.
  2361 | D:3      | 2361 ||| READING scroll labelled REUWNERIATA.
  2462 | D:4      | Reached XP level 6. HP: 38/38 MP: 6/6
  2492 | D:4      | Noticed a black bear
  2503 | D:4      | Killed a black bear
  2504 | D:4      | Reached skill level 7 in Ranged Weapons
  2591 | D:4      | Found Caofusoc's Book Boutique.
  2592 | D:4      | Found Tegham's Assorted Antiques.
  2596 | D:4      | Found Qiekky's Armour Boutique.
  2597 | D:4      | Found Zin Sai's Assorted Antiques.
  2597 | D:4      | Noticed Ijyb
  2598 | D:4      | 2598 ||| FLEEEEING.
  2599 | D:4      | 2599 ||| FLEEEEING.
  2600 | D:4      | 2600 ||| FLEEEEING.
  2601 | D:4      | 2601 ||| FLEEEEING.
  2602 | D:4      | 2602 ||| FLEEEEING.
  2603 | D:4      | 2603 ||| FLEEEEING.
  2609 | D:4      | 2609 ||| FLEEEEING.
  2610 | D:4      | 2610 ||| FLEEEEING.
  2611 | D:4      | 2611 ||| FLEEEEING.
  2616 | D:4      | 2616 ||| STAIRDANCE
  2671 | D:4      | Killed Ijyb
  2672 | D:4      | Reached XP level 7. HP: 17/43 MP: 7/7
  2735 | D:4      | 2735 ||| FLEEEEING.
  2736 | D:4      | 2736 ||| FLEEEEING.
  2737 | D:4      | 2737 ||| STAIRDANCE
  2802 | D:4      | 2802 ||| BUYING bubbling inky potion (27 gold).
  2802 | D:4      | Bought a bubbling inky potion for 27 gold pieces
  2802 | D:4      | 2802 ||| BUYING dark potion (27 gold).
  2802 | D:4      | Bought a dark potion for 27 gold pieces
  2802 | D:4      | 2802 ||| BUYING sapphire potion (27 gold).
  2802 | D:4      | Bought a sapphire potion for 27 gold pieces
  2806 | D:4      | 2806 ||| BUYING metallic cyan potion (23 gold).
  2806 | D:4      | Bought a metallic cyan potion for 23 gold pieces
  2806 | D:4      | 2806 ||| BUYING metallic ruby potion (23 gold).
  2806 | D:4      | Bought a metallic ruby potion for 23 gold pieces
  2806 | D:4      | 2806 ||| SHOPLISTING scroll of teleportation (78 gold, have
                  | 29).
  2806 | D:4      | 2806 ||| SHOPLISTING shiny ring mail (182 gold, have 29).
  2810 | D:4      | 2810 ||| SHOPLISTING +0 pair of boots (63 gold, have 29).
  2810 | D:4      | 2810 ||| SHOPLISTING +2 cloak (231 gold, have 29).
  2810 | D:4      | 2810 ||| SHOPLISTING +5 ring mail of Bedevilment {Int+3}
                  | (592 gold, have 29).
  2962 | D:4      | Reached skill level 8 in Ranged Weapons
  2995 | D:4      | Found a shimmering blue altar of Sif Muna.
  3083 | D:4      | Noticed Blork the orc
  3085 | D:4      | Noticed Eustachio
  3086 | D:4      | 3086 ||| RETREATING.
  3088 | D:4      | 3088 ||| Stepping ~*~*~tactically~*~*~ (outnumbered).
  3103 | D:4      | Killed Blork the orc
  3139 | D:4      | 3139 ||| FLEEEEING.
  3165 | D:4      | 3165 ||| FLEEEEING.
  3166 | D:4      | 3166 ||| FLEEEEING.
  3237 | D:4      | 3237 ||| RETREATING.
  3242 | D:4      | 3242 ||| Stepping ~*~*~tactically~*~*~ (retreating).
  3257 | D:4      | HP: 10/44 [bullfrog (6)]
  3257 | D:4      | HP: 4/44 [iguana (6)]
  3258 | D:4      | Slain by an iguana

Levels and vault maps discovered:
D:1:      lemuel_arrival_funnel, layout_rooms, shapermc_ecumenical_altar_ellora,
          serial_shops, shop
D:2:      layout_loops_corners, uniq_jessica, uniq_crazy_yiuf_cottage
D:3:      layout_basic, general_overflow_altar,
          mainiacjoe_overflow_surrounded_room, nicolae_qazlal_style_of_elements,
          serial_glass, glass_columns_c, glass_columns_a, hex_medium,
          uniq_natasha
D:4:      minmay_clustersquares, layout_basic, lemuel_tele_altar,
          minmay_shop_grid_forest, uniq_ijyb, uniq_eustachio, uniq_blork_the_orc

Skill      XL: |  1  2  3  4  5  6  7 |
---------------+----------------------+-----
Ranged Weapons | 5 6 7 8 |  8.2
Fighting       | 3 4 |  4.6
Dodging        | 2 |  2.2
Armour         | 2 |  2.2
Stealth        | |  1.1

Action                     |  1- 3 |  4- 6 |  7- 9 || total
---------------------------+-------+-------+-------++-------
   Fire: Shortbow          |    79 |   152 |    86 ||   317
    Use: Potion            |     3 |       |       ||     3
         Scroll            |     2 |     4 |       ||     6
 Armour: Leather armour    |    10 |    40 |    23 ||    73
  Dodge: Dodged            |    14 |    37 |    29 ||    80

Table legend:
 A = Non-vault XP
 B = Vault XP
 C = Vault XP percentage of total XP
 D = Non-vault monster count
 E = Vault monster count
 F = Vault count percentage of total count
                 A         B        C        D         E       F
            +---------+---------+-------+---------+---------+-------
      Total |     921 |     263 |  22.2 |      78 |       7 |   8.2
            +---------+---------+-------+---------+---------+-------
        D:1 |      33 |       0 |   0.0 |      20 |       0 |   0.0
        D:2 |      87 |      37 |  29.8 |      24 |       1 |   4.0
        D:3 |     102 |      36 |  26.1 |      17 |       1 |   5.6
        D:4 |     699 |     190 |  21.4 |      17 |       5 |  22.7
            +---------+---------+-------+---------+---------+-------
